 Dungeon Crawl Stone Soup version 0.26-a0-490-gf8362a0c98 (webtiles) character file.

Game seed: 18135198798593555683

175 Devinter the Bolt Thrower (level 5, 0/38 HPs)
             Began as a Formicid Arcane Marksman on Aug 4, 2020.
             Slain by a worker ant (1 damage)
             ... on level 4 of the Dungeon.
             The game lasted 00:16:00 (3135 turns).

Devinter the Bolt Thrower (FoAM)                    Turns: 3135, Time: 00:16:02

Health: 0/38       AC:  2    Str: 14    XL:     5   Next: 86%
Magic:  9/9        EV: 12    Int: 13    God:
Gold:   121        SH:  0    Dex: 12    Spells: 2/9 levels left

rFire    . . .     SeeInvis +   m - +1 dagger (freeze)
rCold    . . .     Faith    .   (no shield)
rNeg     . . .     Spirit   .   e - +0 robe
rPois    .         Reflect  .   (helmet unavailable)
rElec    .         Harm     .   k - scarf {shadows}
rCorr    .                      (no gloves)
MR       .....                  (no boots)
Stlth    +.........             (no amulet)
HPRegen  0.12/turn              (no ring)
MPRegen  0.11/turn              (no ring)

@: confused, lethally poisoned (0 -> -17)
A: permanent stasis, dig shafts and tunnels, four strong arms, antennae 3
a: Dig, Shaft Self


You were on level 4 of the Dungeon.
You visited 1 branch of the dungeon, and saw 4 of its levels.

You collected 121 gold pieces.

Inventory:

Hand Weapons
 a - a +0 hand crossbow
 m - a +1 dagger of freezing (weapon)
Missiles
 c - 14 sling bullets
 g - 34 arrows
 s - 8 bolts
Armour
 e - a +0 robe (worn)
 k - a scarf of shadows (worn)
 r - a +0 chain mail
Scrolls
 b - a scroll of noise {unknown}
 f - a scroll of amnesia {unknown}
 h - a scroll of enchant weapon {unknown}
 n - a scroll of remove curse {unknown}
 o - 2 scrolls of identify {unknown}
 p - a scroll of immolation {unknown}
 q - 3 scrolls of magic mapping {unknown}
 t - 2 scrolls of enchant armour {unknown}
Potions
 d - a potion of lignification {unknown}
 i - a potion of heal wounds
 j - a potion of might {unknown}
 l - 3 potions of ambrosia
 u - a potion of degeneration {unknown}


   Skills:
 - Level 2.0 Fighting
 + Level 4.3 Crossbows
 - Level 2.0 Dodging
 + Level 2.6 Spellcasting
 - Level 4.0 Hexes


You had 2 spell levels left.
You knew the following spells:

 Your Spells              Type           Power        Failure   Level
a - Corona                Hex            #......      4%          1
b - Portal Projectile     Hex/Tloc       #.....       30%         3
c - Inner Flame           Hex/Fire       #.......     30%         3

Your spell library contained the following spells:

 Spells                   Type           Power        Failure   Level
 Slow                     Hex            #.......     7%          2
 Cause Fear               Hex            #.........   41%         4
 Leda's Liquefaction      Hex/Erth       #.........   71%         4


Dungeon Overview and Level Annotations

Branches:
Dungeon (4/15)
 Temple: D:4-7

Altars:
Wu Jian


Innate Abilities, Weirdness & Mutations

You cannot be hasted, slowed, berserked, paralysed or teleported.
You can dig through walls and to a lower floor.
Your four strong arms can wield two-handed weapons with a shield.
You have a pair of large antennae on your head. (SInv)


Message History

You bump into the rock wall.
You feel sick. The worker ant closely misses you. The gnoll closely misses you.
You bump into the rock wall.
You feel sick. The worker ant bites you.
You're too confused to move!
You feel sick. The worker ant bites you.
* * * LOW HITPOINT WARNING * * *
You are more poisoned.
The worker ant poisons you!
The gnoll hits you from afar with a +0 halberd!
* * * LOW HITPOINT WARNING * * *
The worker ant bites you.
* * * LOW HITPOINT WARNING * * *
You are more poisoned.
The worker ant poisons you!
You're too confused to move!
* * * LOW HITPOINT WARNING * * *
You feel sick.
The gnoll hits you from afar with a +0 halberd.
* * * LOW HITPOINT WARNING * * *
The worker ant bites you.
You die...

#...
###...###
#.......#
........#
#.......#
.......<#
##.....#
###†..####
#.......a@#
.......(.$#
#.....$.g..#
#.###...#.##
#. #...#.#
#...#.#
...##.#


You could see a worker ant and a gnoll.

Vanquished Creatures
  Jessica (D:2)
  An iguana (D:2)
  Terence (D:3)
  3 adders
  An ooze (D:3)
  A worm (D:2)
  2 dart slugs
  3 leopard geckos
  An orc (D:3)
  A ball python (D:1)
  6 bats
  8 goblins
  5 hobgoblins
  4 jackals (D:2)
  3 quokkas
  A frilled lizard (D:2)
  10 kobolds
  4 rats
56 creatures vanquished.

Notes
Turn   | Place    | Note
-------+----------+-------------------------------------------
     0 | D:1      | Devinter the Formicid Arcane Marksman began the quest for
                  | the Orb.
     0 | D:1      | Reached XP level 1. HP: 15/15 MP: 2/2
   154 | D:1      | Reached XP level 2. HP: 15/21 MP: 3/3
   223 | D:1      | Reached skill level 2 in Dodging
   362 | D:1      | Reached XP level 3. HP: 21/26 MP: 5/5
   487 | D:1      | Reached skill level 4 in Hexes
  1013 | D:2      | Reached skill level 2 in Fighting
  1301 | D:2      | Noticed Jessica
  1307 | D:2      | Killed Jessica
  1307 | D:2      | Reached skill level 3 in Crossbows
  1307 | D:2      | Reached skill level 2 in Spellcasting
  1307 | D:2      | Reached XP level 4. HP: 22/33 MP: 5/7
  1491 | D:2      | Learned a level 3 spell: Portal Projectile
  1499 | D:2      | Reached XP level 5. HP: 38/38 MP: 8/8
  1582 | D:2      | Found an ornate altar of the Wu Jian Council.
  1723 | D:2      | Reached skill level 4 in Crossbows
  2093 | D:3      | Learned a level 3 spell: Inner Flame
  2157 | D:3      | Noticed Terence
  2194 | D:3      | Killed Terence
  2503 | D:3      | Noticed an orc warrior
  3135 | D:4      | HP: 1/38 [gnoll/+0 halberd (5)]
  3135 | D:4      | Slain by a worker ant

Illustrated notes

Levels and vault maps discovered:
D:1:      dpeg_arrival_solitude, layout_basic
D:2:      layout_loops_ring, overflow_temple_1_default, uniq_jessica
D:3:      layout_loops_cross, serial_park_tiny_2, uniq_terence
D:4:      layout_loops_ring, minitemple

Skill      XL: |  1  2  3  4  5 |
---------------+----------------+-----
Dodging        | 2 |  2.0
Hexes          | 4 |  4.0
Fighting       | 2 |  2.0
Crossbows      | 3 4 |  4.3
Spellcasting   | 2 |  2.6

Action                   |  1- 3 |  4- 6 || total
-------------------------+-------+-------++-------
Melee: Short sword       |    60 |     4 ||    64
       Unarmed           |     2 |       ||     2
       Dagger            |       |    89 ||    89
 Fire: Hand crossbow     |    53 |    28 ||    81
  Use: Potion            |       |     2 ||     2
 Stab: Sleeping          |       |     2 ||     2
Armor: Robe              |    15 |    12 ||    27
Dodge: Dodged            |    78 |    65 ||   143

Table legend: (Time is in decaauts)
 A = Elapsed time spent in this place.
 B = Non-inter-level travel time spent in this place.
 C = Inter-level travel time spent in this place.
 D = Time resting spent in this place.
 E = Time spent auto-exploring this place.
 F = Levels seen in this place.
 G = Mean time per level.
                   A        B        C        D        E       F      G
               +--------+--------+--------+--------+--------+-----+--------+
         Total |   3166 |   3072 |     94 |    743 |    776 |   4 |  791.5 |
       Dungeon |   3166 |   3072 |     94 |    743 |    776 |   4 |  791.5 |
               +--------+--------+--------+--------+--------+-----+--------+

Top non-repeatable levels by time:
     D:2: 1318 daAuts
     D:3: 1092 daAuts
     D:1: 728 daAuts
     D:4: 27 daAuts
